 Dungeon Crawl Stone Soup version 0.30-a0-702-gdf48620a09 (webtiles) character file.

Game seed: 1519231140924331225

8015 KennySheep the Jinx (level 11, -2/58 HPs)
             Began as a Deep Elf Conjurer on Jan 22, 2023.
             Was a High Priest of Lugonu.
             Slain by an unseen horror (7 damage)
             ... on level 10 of the Dungeon.
             The game lasted 00:39:25 (10965 turns).

KennySheep the Jinx (Deep Elf Conjurer)            Turns: 10965, Time: 00:39:26

Health: -2/58      AC:  7    Str:  8    XL:     11   Next: 4%
Magic:  0/34       EV:  8    Int: 24    God:    Lugonu [*****.]
Gold:   279        SH: 11    Dex: 13    Spells: 14/27 levels left

rFire   . . .      SeeInvis .    u - +12 war axe of the Tentacled God {freeze, Contam rElec Will++ MP+9}
rCold   + . .      Faith    .    c - +2 kite shield
rNeg    . . .      Spirit   +    M - +0 swamp dragon scales
rPois   +          Reflect  .    (no helmet)
rElec   +          Harm     .    (no cloak)
rCorr   .          Rampage  .    (no gloves)
Will    +++..                    (no boots)
Stlth   +                        I - amulet of guardian spirit
HPRegen 0.29/turn                v - ring of poison resistance
MPRegen 0.24/turn                r - ring of protection from cold

@: no status effects
A: no striking features
a: Renounce Religion, Depart the Abyss, Banish, Corrupt, Enter the Abyss


You were on level 10 of the Dungeon.
You worshipped Lugonu.
Lugonu was extremely pleased with you.
You visited 1 branch of the dungeon, and saw 10 of its levels.

You collected 493 gold pieces.
You spent 214 gold pieces at shops.

Inventory:

Hand Weapons
 u - the +12 war axe of the Tentacled God (weapon) {freeze, Contam rElec Will++ MP+9}
   (You found it on level 3 of the Dungeon)

   rElec:     It insulates you from electricity.
   MP:        It affects your magic capacity (+9).
   Contam:    It causes magical contamination when unequipped.
   Will:      It greatly increases your willpower.
Missiles
 f - 2 throwing nets
 x - 4 curare-tipped darts
Armour
 c - a +2 kite shield (worn)
 C - a +2 robe of the Archmagi
 M - +0 swamp dragon scales (worn)
Jewellery
 d - a ring of see invisible
 r - a ring of protection from cold (right hand)
 v - a ring of poison resistance (left hand)
 y - a ring of protection from cold
 I - an amulet of guardian spirit (around neck)
 N - a ring of protection from cold
 R - a ring of protection from cold
 V - an amulet of faith
Wands
 a - a wand of flame (19)
 J - a wand of iceblast (2)
 O - a wand of paralysis (6)
 P - a wand of quicksilver (9)
Scrolls
 h - a scroll of silence
 k - 2 scrolls of torment
 l - 2 scrolls of fear
 m - a scroll of fog
 n - 9 scrolls of teleportation
 q - 2 scrolls of magic mapping
 s - 2 scrolls of amnesia
 A - 2 scrolls of brand weapon
 B - 2 scrolls of immolation
 E - 2 scrolls of poison
 F - 3 scrolls of noise
 G - 2 scrolls of blinking
 K - 2 scrolls of enchant armour
 Q - a scroll of identify
 S - 2 scrolls of vulnerability {unknown}
 T - a scroll of enchant weapon {unknown}
Potions
 b - a potion of magic
 e - a potion of haste
 i - 6 potions of curing
 j - a potion of experience {unknown}
 o - 2 potions of might
 p - a potion of attraction {unknown}
 t - a potion of resistance {unknown}
 w - a potion of flight {unknown}
 z - a potion of heal wounds {unknown}
 D - 2 potions of lignification
 H - a potion of brilliance
 L - a potion of mutation


   Skills:
 - Level 2.4 Fighting
 - Level 2.5 Axes
 + Level 3.1 Armour
 - Level 2.4 Dodging
 - Level 2.4 Stealth
 + Level 4.2 Shields
 + Level 8.7 Spellcasting
 + Level 9.8 Conjurations
 + Level 10.2 Hexes
 * Level 6.0 Translocations
 - Level 5.8 Invocations


You had 14 spell levels left.
You knew the following spells:

 Your Spells              Type           Power      Damage    Failure   Level
a - Magic Dart            Conj           100%       1d8       1%          1
b - Searing Ray           Conj           100%       2d8       1%          2
c - Blink                 Tloc           78%        N/A       6%          2
d - Fulminant Prism       Conj/Hex       28%        3d14      9%          4
e - Iskenderun's Mystic   Conj/Tloc      48%        2d11      21%         4

Your spell library contained the following spells:

 Spells                   Type           Power      Damage    Failure   Level
 Dazzling Flash           Conj/Hex       100%       N/A       2%          3
 Momentum Strike          Conj/Tloc      96%        3d10      3%          2
 Apportation              Tloc           78%        N/A       4%          1
 Lesser Beckoning         Tloc           78%        N/A       6%          2
 Foxfire                  Conj/Fire      100%       2x1d9     7%          1
 Inner Flame              Hex/Fire       35%        N/A       19%         3
 Stone Arrow              Conj/Erth      68%        3d11      21%         3
 Passage of Golubria      Tloc           39%        N/A       38%         4
 Necrotise                Necr           40%        1d6       45%         1
 Sandblast                Erth           20%        2d7       45%         1
 Summon Small Mammal      Summ           40%        N/A       45%         1
 Passwall                 Tmut/Erth      8%         N/A       61%         2
 Sublimation of Blood     Necr           10%        N/A       61%         2
 Wereblood                Tmut           10%        N/A       61%         2
 Silence                  Hex/Air        17%        N/A       87%         5
 Fireball                 Conj/Fire      17%        3d9       88%         5
 Ice Form                 Ice/Tmut       10%        N/A       99%         4
 Summon Ice Beast         Ice/Summ       10%        N/A       99%         4
 Starburst                Conj/Fire      17%        6d6       100%        6
 Ozocubu's Refrigeration  Ice            5%         4d8       100%        7
 Summon Hydra             Summ           5%         N/A       100%        7
 Lehudib's Crystal Spear  Conj/Erth      17%        10d5      100%        8


Dungeon Overview and Level Annotations

Branches:
Dungeon (10/15)            Temple (0/1) D:7            Lair (0/5) D:10
    Orc (0/2) D:10

Altars:
Dithmenos
Kikubaaqudgha
Okawaru
Qazlal
Ru
Vehumet
Xom
The Shining One
Lugonu

Shops:
D:1 [   D:2 *   D:8 ?


Message History

A yak comes into view.
The yak bellows!
Something hits you.
Your fulminant prism explodes!
The blast of energy engulfs the killer bee!
You kill the killer bee!
Lugonu accepts your kill.
The blast of energy engulfs the death yak.
The death yak is lightly wounded.
The blast of energy engulfs the killer bee!!
You kill the killer bee!
Lugonu accepts your kill.
The yak moves out of view.
You hear a bellow! x2; You hear a shout! x4
You hit something. You freeze something. Something hits you.
Something hits you but does no damage. Something hits you.
* * * LOW HITPOINT WARNING * * *
Casting: Fulminant Prism (dangerous; 9% risk of failure)
Confirm with . or Enter, or press ? or * to list all spells.
Okay, then.
Okay, then.
Casting: Fulminant Prism (dangerous; 9% risk of failure)
Confirm with . or Enter, or press ? or * to list all spells.
Aiming: Fulminant Prism (dangerous; 9% risk of failure)
Press: ? - help, Dir - move target You conjure a prism of explosive energy!
A fulminant prism comes into view.
Something hits you. Something hits you!
* * * LOW HITPOINT WARNING * * *
It was a potion of invisibility.
You fade into invisibility!
Something hits you!
* * * LOW HITPOINT WARNING * * *
Your fulminant prism crackles loudly.
It was a potion of cancellation.
Your magical effects are unravelling.
You feel magically purged.
You flicker back into view.
Something hits you!
You die...

*,,,,*,,,.....,,,,,,*
**,,,,,,,....,*****,**
*,*##*,,,...,,*****,*
***#****#.#*,***,,,,*
####.###..##,* *,****
#...y<.*..>#,* *,*
***##****#.#####Y##.#,*
*,* *,..>,,,,,,*
#{#*,*,* *,*
#.#********* #@#*,*,*
*,* ..# *#.#*,*,* *,*
#.# *******...*,*,***,*
*,# *,,,,,.....,,,,,,,*
#,* *,***##...#.,,*****
#,*******,****##.##..**
..,,,,,,,,,,,,,..#*,.#
....,,,,,,*****###*,,#
#.##******* *,,*


You could see a death yak (ally target) and a friendly fulminant prism.

Vanquished Creatures
  Pikel (D:6)
  Joseph (D:9)
  Maggie (D:7)
  Grinder (D:6)
  A shadow (D:9)
  A wyvern (D:7)
  Grum (D:8)
  7 yaks
  2 steam dragons (D:7)
  2 water moccasins
  3 orc warriors
  2 sky beasts
  An ogre (D:5)
  6 centaurs
  4 wolves (D:8)
  2 lemures (D:6)
  A phantom (D:7)
  A kobold brigand (D:8)
  Blork the orc (D:4)
  A bullfrog (D:7)
  4 scorpions
  3 necrophages
  11 wights
  10 killer bees
  A lava snake (D:9)
  3 orc priests
  2 gnoll boudas
  A jelly (D:4)
  3 hounds
  Terence (D:3)
  5 orc wizards
  4 iguanas
  10 gnolls
  8 adders
  2 white imps
  2 worms
  A dart slug (D:1)
  40 orcs
  9 bats
  11 endoplasms
  6 giant cockroaches
  6 goblins
  10 hobgoblins
  10 jackals
  17 kobolds
  6 quokkas
  6 ball pythons
  5 frilled lizards (D:1)
  9 rats
246 creatures vanquished.

Vanquished Creatures (collateral kills)
  Josephine (D:10)
  A wraith (D:10)
2 creatures vanquished.

Vanquished Creatures (others)
  A steam dragon (D:7)
  42 fulminant prisms
  12 fungi (D:4)
  4 plants (D:9)
59 creatures vanquished.

Grand Total: 307 creatures vanquished

Notes
Turn   | Place    | Note
-------+----------+-------------------------------------------
     0 | D:1      | KennySheep the Deep Elf Conjurer began the quest for the
                  | Orb.
     0 | D:1      | Reached XP level 1. HP: 10/10 MP: 6/6
   132 | D:1      | Reached skill level 1 in Hexes
   207 | D:1      | Reached XP level 2. HP: 15/15 MP: 4/8
   210 | D:1      | Learned a level 2 spell: Searing Ray
   424 | D:1      | Found Anelog's Armour Boutique.
   751 | D:1      | Reached skill level 2 in Hexes
   821 | D:1      | Reached XP level 3. HP: 19/19 MP: 7/9
  1379 | D:2      | Reached skill level 5 in Conjurations
  1648 | D:2      | Found Yrix's Assorted Antiques.
  1762 | D:2      | Bought a red potion for 27 gold pieces
  1762 | D:2      | Bought a clear potion for 27 gold pieces
  1773 | D:2      | Learned a level 2 spell: Blink
  1860 | D:2      | Found a faded altar of an unknown god.
  1891 | D:2      | Prayed at the altar of an unknown god.
  1891 | D:2      | Became a worshipper of Lugonu the Unformed
  1891 | D:2      | Reached * piety under Lugonu
  2004 | D:2      | Reached XP level 4. HP: 24/24 MP: 7/11
  2007 | D:2      | Reached skill level 3 in Hexes
  2551 | D:3      | Identified the +12 war axe of the Tentacled God {freeze,
                  | Contam rElec Will++ MP+9}
  2658 | D:3      | Learned a level 4 spell: Fulminant Prism
  2825 | D:3      | Reached ** piety under Lugonu
  3092 | D:3      | Noticed Terence
  3100 | D:3      | Killed Terence
  3101 | D:3      | Reached skill level 1 in Invocations
  3101 | D:3      | Reached XP level 5. HP: 28/28 MP: 13/13
  3220 | D:3      | Found a stormy altar of Qazlal.
  3464 | D:4      | Reached skill level 4 in Hexes
  3606 | D:4      | Reached XP level 6. HP: 26/32 MP: 12/14
  3815 | D:4      | Noticed Blork the orc
  3823 | D:4      | Killed Blork the orc
  3959 | D:4      | Reached skill level 5 in Hexes
  4258 | D:5      | Entered Level 5 of the Dungeon
  4347 | D:5      | Reached skill level 5 in Spellcasting
  4347 | D:5      | Reached XP level 7. HP: 36/36 MP: 16/16
  4384 | D:5      | Found a radiant altar of Vehumet.
  4403 | D:5      | Reached *** piety under Lugonu
  4421 | D:5      | Found an ancient bone altar of Kikubaaqudgha.
  4600 | D:5      | Reached skill level 6 in Hexes
  4621 | D:5      | Identified the +0 war axe "Jydeli" {venom, Fly MP+9 Str-5
                  | Int-2}
  4680 | D:5      | Reached skill level 1 in Shields
  4914 | D:5      | Reached XP level 8. HP: 41/41 MP: 18/18
  4986 | D:5      | Reached skill level 7 in Hexes
  5227 | D:5      | Found a glowing golden altar of the Shining One.
  5239 | D:5      | Got the Information on the Glacial Pyromaniac
  5262 | D:5      | Found an iron altar of Okawaru.
  6033 | D:6      | Noticed Pikel
  6040 | D:6      | Killed Pikel
  6041 | D:6      | Reached skill level 8 in Hexes
  6091 | D:6      | Reached XP level 9. HP: 41/45 MP: 21/21
  6429 | D:6      | Noticed Grinder
  6440 | D:6      | Killed Grinder
  6441 | D:6      | Reached skill level 1 in Translocations
  6680 | D:6      | Found a shimmering altar of Xom.
  6941 | D:7      | You fall into a shaft and drop 3 floors!
  6941 | D:10     | Entered Level 10 of the Dungeon
  6941 | D:10     | Found a shadowy altar of Dithmenos.
  7114 | D:9      | Reached **** piety under Lugonu
  7115 | D:9      | Reached skill level 1 in Fighting
  7115 | D:9      | Reached skill level 1 in Axes
  7115 | D:9      | Reached skill level 9 in Hexes
  7119 | D:9      | Reached skill level 1 in Armour
  7120 | D:9      | Reached skill level 5 in Invocations
  7304 | D:10     | Noticed Josephine
  7311 | D:10     | Killed Josephine
  7312 | D:10     | Reached XP level 10. HP: 27/53 MP: 23/23
  7641 | D:9      | Noticed Joseph
  7790 | D:8      | Learned a level 4 spell: Iskenderun's Mystic Blast
  7795 | D:8      | Found Wihezume's Magic Scroll Shoppe.
  7804 | D:8      | Bought a scroll of noise for 16 gold pieces
  7804 | D:8      | Bought a scroll of identify for 32 gold pieces
  7806 | D:8      | Bought a scroll of identify for 32 gold pieces
  7806 | D:8      | Bought a scroll of identify for 32 gold pieces
  7806 | D:8      | Bought a scroll of teleportation for 48 gold pieces
  7849 | D:7      | Noticed Maggie
  7859 | D:7      | Killed Maggie
  8358 | D:7      | Reached ***** piety under Lugonu
  8581 | D:7      | Found a staircase to the Ecumenical Temple.
  9021 | D:8      | Noticed Grum
  9030 | D:8      | Reached skill level 5 in Translocations
  9086 | D:8      | Killed Grum
  9328 | D:8      | Identified the +5 morningstar "Kediczum" {heavy, Str+2
                  | Int+4}
  9502 | D:8      | Reached skill level 10 in Hexes
 10441 | D:9      | Found a sacrificial altar of Ru.
 10508 | D:9      | Killed Joseph
 10509 | D:9      | Reached XP level 11. HP: 38/58 MP: 11/25
 10957 | D:10     | Noticed a death yak
 10965 | D:10     | Slain by an unseen horror

Illustrated notes

Levels and vault maps discovered:
D:1:      dpeg_arrival_prison, layout_basic, serial_shops, shop, corner_web_ring
D:2:      minmay_inner_zag, layout_basic,
          shapermc_ecumenical_altar_starsandcircs, serial_shops,
          nicolae_shop_crystal, kennysheep_generic_room_15
D:3:      layout_loops_cross, nicolae_qazlal_scattered_showers, uniq_terence
D:4:      layout_basic, serial_aquarium, aquarium_bridge_straight
          [aquarium_subvault_bridge, aquarium_subvault_window,
          aquarium_subvault_bridge, aquarium_subvault_wall],
          aquarium_window_double, aquarium_window_1, aquarium_window_1,
          aquarium_view_2a, aquarium_balcony_double_1, uniq_blork_the_orc
D:5:      layout_loops_ring, lemuel_tele_altar, mainiacjoe_overflow_swirl,
          kennysheep_mini_moat, hangedman_abyss_or_decor_stabs,
          nrook_mini_vaults
D:6:      layout_layer_cave, mainiacjoe_overflow_alcove_4, minmay_holes,
          uniq_grinder, uniq_pikel
D:7:      minmay_general_purpose_star, layout_loops_corners,
          minmay_temple_entry_grid, uniq_maggie
D:8:      layout_basic, serial_shops, nicolae_diamond_shop, uniq_grum
D:9:      corexii_shack_village, layout_rooms, nicolae_ru_sacrificial_ziggurat,
          nicolae_lava_and_water, roderic_roman_lattice, uniq_joseph
D:10:     layout_loops_ring, mainiacjoe_overflow_tiny_flanked,
          mainiacjoe_overflow_catwalk, dpeg_lair_monsters, orc_0_dummy,
          uniq_erica, uniq_josephine

Skill      XL: |  1  2  3  4  5  6  7  8  9 10 |
---------------+-------------------------------+-----
Hexes          | 1 2 3 4 5 6 8 9 10 | 10.2
Conjurations   | 5 6 7 8 9 |  9.8
Spellcasting   | 4 5 6 7 8 |  8.7
Invocations    | 1 2 3 4 5 |  5.8
Shields        | 1 2 3 4 |  4.2
Translocations | 3 6 |  6.0
Fighting       | 1 2 |  2.4
Axes           | 1 2 |  2.5
Armour         | 1 3 |  3.1
Dodging        | |  2.4
Stealth        | |  2.4

Action                   |  1- 3 |  4- 6 |  7- 9 | 10-12 || total
-------------------------+-------+-------+-------+-------++-------
Melee: War axe           |       |    27 |    22 |   143 ||   192
 Cast: Magic Dart        |    87 |    86 |    35 |       ||   208
       Searing Ray       |     1 |    11 |    30 |     5 ||    47
       Fulminant Prism   |       |     1 |     8 |    34 ||    43
  Use: Scroll            |     2 |     5 |     7 |     4 ||    18
       Potion            |       |     2 |     1 |     2 ||     5
 Stab: Sleeping          |       |     1 |     1 |       ||     2
Armor: Robe              |     3 |     7 |    14 |     7 ||    31
       Swamp dragon scal |       |       |       |    55 ||    55
Dodge: Dodged            |    10 |    30 |    27 |    64 ||   131
Block: Kite shield       |       |       |    34 |   101 ||   135

Table legend: (Time is in decaauts)
 A = Elapsed time spent in this place.
 B = Non-inter-level travel time spent in this place.
 C = Inter-level travel time spent in this place.
 D = Time resting spent in this place.
 E = Time spent auto-exploring this place.
 F = Levels seen in this place.
 G = Mean time per level.
                   A        B        C        D        E       F      G
               +--------+--------+--------+--------+--------+-----+--------+
         Total |  11081 |  10853 |    228 |    866 |   8016 |  10 | 1108.1 |
       Dungeon |  11081 |  10853 |    228 |    866 |   8016 |  10 | 1108.1 |
               +--------+--------+--------+--------+--------+-----+--------+

Top non-repeatable levels by time:
     D:6: 1448 daAuts
     D:1: 1384 daAuts
     D:8: 1373 daAuts
     D:7: 1260 daAuts
     D:9: 1202 daAuts
     D:5: 1173 daAuts
     D:3: 1056 daAuts
     D:2: 944 daAuts
     D:4: 883 daAuts
    D:10: 355 daAuts
